cohdb
Replays
Latest Replays
All Replays
Popular Replays
Top Player Replays
Match Explorer
How It Works
Community
CoH3 Stats
Reddit
Sign in to upload your games and track your stats! →
Sign in with Steam
Match 42872995
Unlisted
Match 42872995
Overview
Messages
Build Orders
End
Construct Section Command Post
Infantry Section
Selects Canadian Shock Battlegroup
Dingo Light Scout Car
Infantry Section
Infantry Section
Construct Platoon Command Post
Selects Attacking Spirit
Construct Field Infirmary
Humber Armored Car
Grenade Package
Selects Incendiary Munitions
Selects Canadian Shock Section
6-pounder Anti-tank Gun Team
Construct Company Command Post
Matilda II Heavy Tank
Selects Smoke Operation
Selects Pyrotechnics
Infantry Training
Unlock M3 Grant Medium Tanks
M3 Grant Medium Tank
M3 Grant Medium Tank
Guru
BUBBA_ACTUAL
JollyRedRockett
[GER]Kangaroo2010
Rodgers
Gamer
0
0
Comments
sign in to comment!
No comments posted yet!